Map: Habitation Station LE (Void)

Players

MarineLorD - Winner!

  • Race: Terran Terran
  • Spawn Location: 1:00

Nerchio

  • Race: Zerg Zerg
  • Spawn Location: 11:00

Event: WESG 2016 Finals

VOD

Have the link to the VOD?

Description

Time

  • Played on: Jan. 12, 2017, 2:56 a.m.
  • Length: 18:22

All games in this series

Show
View Real Time Build Order
Export as new Build Order

MarineLorD Terran - Winner!

Build Orders: Reaper Expand, MMM Bio 

Get SALT Encoding   

  12  0:00  SCV  
  13  0:12  SCV  
  14  0:17  Supply Depot  
  14  0:24  SCV  
  15  0:38  SCV  
  15  0:39  Barracks  
  16  0:44  Refinery  
  16  0:50  SCV  
  17  1:02  SCV  
  18  1:15  SCV  
  19  1:27  Orbital Command, Reaper  
  20  1:38  Command Center  
  20  1:49  Supply Depot  
  20  1:52  SCV  
  21  1:59  Marine  
  22  2:04  SCV  
  22  2:08  Factory  
  23  2:16  SCV  
  24  2:23  Barracks Reactor  
  24  2:28  SCV  
  25  2:41  SCV  
  25  2:43  Command Center  
  26  2:50  Orbital Command  
  26  2:53  SCV  
  29  3:05  Hellion  
  29  3:06  Barracks Tech Lab, Hellion, SCV  
  32  3:16  SCV  
  32  3:18  SCV  
  34  3:26  Widow Mine x2  
  36  3:27  Marine  
  36  3:28  SCV, Stimpack  
  36  3:30  Refinery  
  36  3:31  SCV  
  41  3:36  Supply Depot  
  41  3:41  SCV  
  42  3:43  SCV  
  42  3:46  Marauder  
  45  3:53  SCV  
  45  3:55  SCV, Orbital Command  
  47  4:04  Factory Reactor  
  47  4:05  Barracks x2  
  47  4:07  Marine, SCV  
  49  4:14  SCV  
  50  4:19  SCV  
  50  4:23  Engineering Bay  
  50  4:24  SCV  
  52  4:25  Engineering Bay  
  52  4:26  Refinery, SCV  
  52  4:27  Refinery  
  53  4:31  Supply Depot  
  53  4:34  Marine  
  53  4:37  SCV  
  53  4:38  SCV x2  
  57  4:48  Starport  
  57  4:49  SCV  
  57  4:52  SCV x2, Factory Reactor  
  60  4:55  Marine  
  60  4:59  Marine x2  
  63  5:00  Supply Depot  
  63  5:03  Terran Infantry Weapons Level 1  
  63  5:04  SCV  
  64  5:07  Orbital Command  
  64  5:11  Terran Infantry Armor Level 1  
  63  5:14  SCV  
  63  5:16  Marine, SCV  
  63  5:17  Marine x3  
  63  5:18  Marine  
  69  5:22  Supply Depot  
  69  5:28  SCV  
  70  5:34  Marine  
  71  5:37  Barracks  
  71  5:38  Barracks  
  71  5:39  Armory, Factory Tech Lab  
  71  5:40  SCV  
  71  5:41  Medivac x2  
  71  5:42  SCV  
  74  5:44  Marine  
  74  5:45  Supply Depot  
  74  5:48  SCV  
  76  5:51  Marine x2  
  76  5:52  SCV  
  76  5:53  Marine  
  80  5:57  Marauder  
  80  6:02  Siege Tank  
  80  6:04  Marine, SCV  
  86  6:07  SCV  
  86  6:08  Refinery, SCV  
  86  6:09  Marine  
  90  6:14  Medivac x2  
  90  6:16  SCV  
  90  6:18  Marine  
  96  6:19  SCV  
  96  6:22  SCV  
  98  6:28  SCV  
  98  6:31  SCV  
  100  6:33  Marine  
  100  6:34  Marine x2  
  100  6:35  Barracks Tech Lab  
  100  6:36  Barracks Tech Lab  
  100  6:38  Supply Depot  
  100  6:39  Supply Depot  
  101  6:41  Marine, Supply Depot  
  101  6:42  SCV x2, Supply Depot x2  
  101  6:43  SCV  
  105  6:50  Marauder  
  105  6:51  Marine  
  105  6:52  Marine  
  109  6:59  Marine x2  
  109  7:00  Marauder x2, SCV  
  116  7:03  Terran Infantry Weapons Level 2  
  116  7:08  Marine  
  116  7:11  Marauder  
  116  7:13  Supply Depot x2  
  115  7:17  Marine  
  115  7:18  Barracks x2, Marine  
  115  7:19  Barracks  
  115  7:20  Marine  
  115  7:21  Marauder x2  
  120  7:23  Combat Shields  
  120  7:24  Concussive Shells  
  120  7:29  Marine  
  121  7:32  Marauder  
  121  7:35  Marine  
  122  7:38  Marine  
  122  7:41  Marine  
  122  7:42  Marine, Terran Infantry Armor Level 2  
  122  7:43  Marauder  
  118  7:52  Marine  
  118  7:53  Marine  
  118  7:55  Marauder  
  122  8:00  Siege Tank  
  122  8:01  Marine x2, Marauder  
  122  8:02  Command Center  
  122  8:05  Barracks Tech Lab  
  129  8:06  Barracks Reactor x2  
  129  8:08  Medivac x2  
  133  8:14  Marine x2, Marauder  
  136  8:20  Marine  
  136  8:21  Marauder  
  138  8:27  Marine x2, Marauder  
  138  8:32  Marine, Siege Tank  
  144  8:35  Marine, Marauder  
  144  8:38  Marine, Medivac x2  
  149  8:42  Marine  
  149  8:45  Marine x2, Marauder  
  147  8:48  Marine  
  147  8:49  Marine  
  149  8:57  Marauder, Supply Depot  
  149  8:58  Supply Depot  
  149  9:00  Marauder, Terran Vehicle Weapons Level 1  
  153  9:03  Marine x2  
  153  9:06  Marine  
  156  9:14  Marauder x2, Marine, Medivac x2  
  165  9:18  Marauder  
  165  9:19  Siege Tank  
  165  9:21  Marine x2  
  165  9:22  Marauder  
  174  9:26  Missile Turret  
  174  9:28  Marine  
  161  9:32  Liberator  
  161  9:38  Marine x2, Marauder  
  150  9:40  Marine x3  
  150  9:42  Marauder  
  150  9:45  Marine  
  146  9:46  Marauder  
  146  9:47  Marine x3  
  146  9:56  Marine x2  
  146  9:58  Marine x2  
  140  10:00  Marauder  
  140  10:03  Marauder  
  140  10:04  Orbital Command  
  140  10:06  Marauder  
  113  10:07  Marine, Marauder  
  113  10:08  Marine  
  113  10:09  Marine  
  113  10:10  Marine  
  113  10:13  Marine  
  109  10:14  Marine  
  109  10:16  Marine x2  
  109  10:21  Marauder  
  114  10:23  Planetary Fortress  
  114  10:25  Marauder  
  114  10:27  Marauder, Siege Tank  
  121  10:29  Marauder  
  121  10:35  Marine  
  123  10:38  Medivac  
  123  10:41  SCV x2  
  123  10:42  Refinery, Marauder  
  130  10:43  SCV  
  130  10:46  Marauder  
  133  10:53  Marine x2, SCV, Marauder  
  133  10:55  SCV  
  139  10:59  Marauder  
  141  11:04  Marauder  
  141  11:08  Marine  
  141  11:09  Marauder  
  139  11:13  Marine  
  139  11:14  Marine, Marauder  
  139  11:15  Marine  
  139  11:16  Marine  
  143  11:20  Marauder  
  143  11:21  Marine  
  143  11:22  Medivac  
  147  11:26  Marauder  
  147  11:27  Marine x2  
  147  11:29  Medivac  
  147  11:30  Marauder  
  148  11:36  Marauder  
  148  11:37  Marine x3  
  153  11:42  Marauder  
  153  11:45  Starport  
  150  11:50  Marauder  
  150  11:53  Medivac  
  147  11:54  Siege Tank  
  147  11:56  Marine x2  
  147  11:57  Marauder  
  147  11:59  Marine, Medivac  
  157  12:06  Marine, Marauder  
  157  12:08  Marine  
  160  12:21  Bunker  
  162  12:23  Marine, Medivac  
  162  12:24  Supply Depot  
  162  12:29  Terran Infantry Weapons Level 3  
  157  12:37  Marine x2, Marauder  
  157  12:40  Marine, Marauder  
  164  12:45  Missile Turret  
  164  12:48  Marine, Siege Tank  
  172  12:54  Supply Depot  
  172  12:56  Terran Infantry Armor Level 3, Supply Depot  
  172  12:58  Marine x2  
  169  13:04  Marine, Marauder  
  169  13:05  Marine  
  172  13:06  Marauder  
  172  13:07  Liberator  
  172  13:12  Marauder  
  176  13:18  Refinery, Ghost Academy  
  168  13:20  Siege Tank  
  169  13:28  Liberator  
  169  13:31  Refinery  
  164  13:49  Marine x3, Marauder  
  164  13:50  Marauder, Liberator  
  164  13:51  Marine  
  164  13:52  Marauder  
  164  13:53  Marine  
  164  13:54  Marauder, Marine  
  178  13:57  Marine x2  
  183  14:10  Marauder  
  183  14:11  Liberator  
  175  14:28  Marine  
  175  14:29  Marauder  
  175  14:30  Marine x2  
  175  14:31  Marauder  
  185  14:32  Marine, Marauder  
  185  14:33  Marine  
  185  14:34  Marine  
  185  14:36  Marine  
  185  14:37  Marauder  
  191  14:43  Marine  
  172  14:53  Medivac  
  172  14:54  Marine, Marauder  
  172  14:55  Marine, Marauder  
  157  15:01  Marauder  
  157  15:02  Marine  
  157  15:05  Marauder  
  157  15:06  Liberator  
  156  15:11  Medivac  
  158  15:15  Command Center  
  158  15:17  Starport  
  158  15:24  Liberator  
  161  15:34  Ghost  
  161  15:35  Ghost x2  
  166  15:58  Ghost, Orbital Command  
  166  16:03  Ghost x2  
  172  16:05  Medivac  
  172  16:11  Ghost  
  169  16:13  Marine x2  
  169  16:15  Marine x2  
  169  16:16  Marine  
  172  16:24  Medivac  
  161  16:27  Marauder  
  161  16:32  Marauder  
  159  16:34  Marine x2  
  159  16:35  Medivac  
  163  16:43  Starport Reactor  
  163  16:44  Liberator  
  163  16:48  Liberator  
  163  17:01  Refinery  
  158  17:03  Marine x2, Marauder  
  158  17:04  Marine  
  167  17:10  Marine x2, Marauder  
  167  17:11  Liberator  
  169  17:21  Marine  
  169  17:22  Marauder  
  137  17:24  Marine x3, Marauder  
  137  17:25  Planetary Fortress  
  137  17:26  Marine x2  
  137  17:27  Marauder  
  141  17:33  Marine  
  141  17:34  Marauder  
  141  17:35  Marine  
  144  17:39  Marine  
  145  17:50  Marine  
  145  17:51  Marine, Marauder  
  153  18:00  Refinery  
  153  18:01  Refinery  
  153  18:04  Marine  
Show
View Real Time Build Order
Export as new Build Order

Nerchio Zerg 

Build Orders: Pool First 

Get SALT Encoding   

  12  0:00  Drone  
  13  0:12  Overlord  
  13  0:17  Drone  
  14  0:31  Drone x2  
  14  0:34  Drone  
  17  0:44  Spawning Pool  
  17  0:48  Drone  
  17  1:08  Hatchery  
  16  1:11  Drone  
  16  1:15  Extractor  
  16  1:17  Drone  
  17  1:24  Drone  
  18  1:31  Queen  
  20  1:33  Zergling x2  
  20  1:39  Drone  
  22  1:49  Overlord  
  22  2:07  Queen  
  22  2:08  Drone  
  25  2:11  Drone  
  25  2:14  Metabolic Boost  
  26  2:21  Drone x2  
  28  2:31  Drone  
  28  2:33  Drone  
  30  2:40  Hatchery  
  30  2:42  Drone  
  30  2:45  Drone  
  30  2:48  Drone  
  32  2:54  Queen  
  34  2:58  Overlord  
  34  3:01  Drone  
  34  3:03  Zergling x2  
  36  3:18  Drone x2  
  36  3:19  Drone x5  
  43  3:25  Overlord  
  43  3:29  Roach Warren  
  43  3:30  Drone  
  43  3:39  Queen  
  43  3:40  Overlord  
  44  3:48  Drone  
  44  3:49  Drone x3  
  44  3:50  Drone  
  44  3:52  Overlord  
  48  4:00  Zergling x2  
  48  4:01  Zergling x2  
  50  4:03  Queen  
  50  4:06  Overlord  
  50  4:08  Drone  
  50  4:09  Drone  
  54  4:10  Drone  
  55  4:20  Drone x3, Extractor  
  55  4:21  Evolution Chamber  
  56  4:28  Roach x4  
  56  4:29  Roach  
  66  4:32  Overlord  
  66  4:36  Roach  
  66  4:37  Roach  
  70  4:44  Drone x3  
  73  4:48  Drone x3  
  73  4:49  Overlord, Extractor  
  75  4:56  Zerg Ground Armor Level 1  
  75  5:01  Roach  
  77  5:09  Drone  
  77  5:10  Drone x6  
  77  5:14  Drone x3  
  83  5:17  Lair  
  83  5:18  Overlord  
  85  5:29  Drone x4  
  85  5:31  Drone, Hatchery  
  85  5:33  Drone x2  
  85  5:34  Drone  
  92  5:38  Evolution Chamber  
  92  5:39  Extractor  
  92  5:40  Drone x3  
  93  5:43  Drone  
  93  5:44  Drone, Extractor x2  
  94  5:50  Drone x4  
  94  5:52  Ravager x3  
  94  5:55  Roach x2  
  104  6:02  Overlord  
  104  6:03  Zergling x2  
  105  6:04  Zergling x2  
  105  6:06  Overlord x2  
  105  6:08  Overlord  
  106  6:20  Zergling x10  
  106  6:22  Hatchery, Zergling x2  
  106  6:23  Zergling x2  
  112  6:26  Glial Reconstitution  
  112  6:27  Infestation Pit  
  111  6:32  Queen  
  111  6:37  Roach  
  111  6:38  Roach x4  
  123  6:44  Roach  
  123  6:45  Roach x3  
  123  6:46  Overlord  
  131  6:54  Zergling x2  
  131  6:55  Zergling x14  
  131  6:56  Zergling x2  
  136  7:02  Roach  
  136  7:03  Roach  
  136  7:06  Overlord, Evolution Chamber  
  140  7:08  Roach x2, Queen  
  140  7:09  Roach  
  140  7:10  Roach  
  140  7:14  Overlord  
  148  7:20  Roach x2  
  150  7:23  Ravager  
  150  7:25  Roach  
  150  7:26  Roach x3  
  150  7:28  Overlord x2  
  157  7:31  Overlord  
  157  7:33  Roach x2  
  150  7:40  Spore Crawler  
  150  7:41  Spore Crawler  
  150  7:42  Zergling x8  
  148  7:46  Spore Crawler x2  
  148  7:47  Drone, Spore Crawler  
  148  7:49  Drone x2  
  148  7:51  Ravager x3  
  151  7:54  Drone x3  
  155  7:58  Zergling x6  
  155  8:03  Zergling x4  
  155  8:04  Overseer  
  159  8:12  Infestor x3, Burrow  
  161  8:13  Infestor  
  161  8:16  Zergling x2  
  168  8:24  Infestor  
  168  8:26  Zergling x2  
  168  8:27  Zergling x2  
  172  8:28  Hive  
  172  8:32  Baneling Nest, Roach  
  172  8:33  Roach x3  
  176  8:48  Drone x3  
  174  8:52  Zergling x18  
  174  8:55  Pneumatized Carapace  
  180  8:59  Zerg Ground Armor Level 2  
  180  9:01  Zerg Melee Weapons Level 1  
  180  9:03  Ravager x3  
  180  9:04  Ravager  
  180  9:05  Zergling x10  
  180  9:07  Overlord x2  
  189  9:14  Overlord x2  
  189  9:15  Overlord  
  189  9:16  Overlord  
  188  9:29  Zergling x16  
  188  9:30  Zergling x8  
  184  9:32  Roach x2  
  180  9:38  Roach x3  
  180  9:40  Roach x2  
  180  9:43  Roach  
  168  9:49  Roach x2  
  168  9:50  Roach x2  
  175  9:57  Roach  
  175  9:58  Roach x2  
  166  10:00  Roach x3  
  166  10:03  Roach x2  
  152  10:07  Roach x2  
  152  10:09  Roach  
  152  10:10  Roach  
  145  10:23  Spawning Pool  
  144  10:29  Hatchery  
  144  10:34  Ravager x2  
  145  10:45  Drone x8  
  145  10:47  Spire  
  152  10:54  Hatchery, Ultralisk Cavern  
  150  10:59  Overlord  
  150  11:01  Ravager  
  150  11:02  Ravager x2  
  151  11:09  Zergling x6  
  151  11:10  Zergling x18  
  157  11:18  Overlord  
  157  11:23  Zergling x2  
  157  11:24  Zergling x8  
  152  11:47  Zergling x6  
  152  11:52  Ultralisk x2  
  152  11:53  Ultralisk  
  166  11:54  Zergling x2  
  166  11:55  Zergling x6  
  166  12:00  Corruptor  
  172  12:05  Corruptor  
  172  12:14  Zergling x10  
  165  12:23  Zergling x8  
  165  12:25  Zergling x2  
  164  12:48  Overseer  
  161  12:53  Corruptor  
  161  12:54  Corruptor  
  164  13:00  Zerg Flyer Weapons Level 1  
  163  13:08  Zerg Melee Weapons Level 2  
  163  13:10  Drone  
  163  13:11  Drone x2  
  164  13:12  Zergling x2  
  164  13:13  Zergling x14  
  164  13:18  Zergling x2  
  167  13:26  Corruptor  
  168  13:35  Drone x5  
  173  13:43  Centrifical Hooks  
  173  13:49  Zergling x2  
  173  13:50  Zergling x8  
  177  14:00  Spore Crawler  
  177  14:01  Baneling x6  
  175  14:05  Zergling x8  
  175  14:06  Zergling x2  
  180  14:19  Hatchery  
  180  14:22  Zergling x8  
  183  14:25  Baneling x5  
  181  14:33  Corruptor  
  181  14:40  Zergling x8  
  181  14:41  Zergling x4  
  169  14:53  Zergling x14  
  169  14:55  Zergling x2  
  169  14:58  Zergling x2  
  157  15:12  Drone x2  
  156  15:21  Corruptor x3  
  156  15:26  Zergling x4  
  156  15:27  Zergling x2  
  164  15:37  Zergling x10  
  164  15:42  Spore Crawler  
  168  15:45  Baneling x6  
  168  15:48  Zergling x4  
  170  15:55  Baneling x5  
  163  16:11  Zergling x12  
  163  16:22  Zergling x8  
  163  16:23  Zergling x6  
  164  16:27  Zergling x4  
  158  16:32  Zergling x2  
  158  16:33  Zergling x6  
  158  16:37  Zergling x2  
  158  16:38  Zergling x2  
  164  16:40  Zergling x2  
  164  16:41  Zergling x2  
  165  16:48  Baneling x4  
  165  16:49  Baneling  
  165  16:50  Baneling x4  
  165  16:56  Zergling x2  
  165  16:57  Zergling x6  
  158  17:05  Zergling x2  
  158  17:06  Zergling x8  
  151  17:21  Zergling x18  
  127  17:29  Zergling x8  
  128  17:34  Zergling x4  
  125  17:37  Zergling x2  
  125  17:41  Zergling x2  
  125  17:43  Baneling x3  
  120  17:50  Drone x2  
  122  17:52  Drone  
  122  17:56  Drone  
  122  17:57  Drone  
  125  18:00  Drone  
  125  18:02  Baneling x2  
Tags
 
Add a new tag
Caveats
  • Supply blocks, unpowered buildings, or Contaminate may cause inaccurate times.
  • Supply counts are checked every 10 seconds.